[Event "*** Titled Tuesday 3|2 Blitz"]
[Site "Chess.com"]
[Date "2017.06.06"]
[Round "4"]
[White "dinevmk"]
[Black "Jahonas"]
[Result "1/2-1/2"]
[WhiteElo "2052"]
[BlackElo "2209"]
[TimeControl "180+2"]
[EndTime "14:41:41 PDT"]
[Termination "Game drawn by repetition"]

1. e4 c6 2. Nc3 d5 3. d4 dxe4 4.
Nxe4 Bf5 5. Ng3 Bg6 6. N1e2 Nd7 7. Nf4 e6 8. Nxg6 hxg6 9. Bd3 Bd6 10. c3 Qh4 11. Qf3 Ngf6 12. Ne2 e5 13. g3 Qh3 14.
Bd2 O-O-O 15. O-O-O Rhe8 16. Bc2 e4 17. Qe3 Ng4 18. Nf4 Nxe3 19. Nxh3 Nxd1 20. Bxd1 Nf6 21.
Ng5 Re7 22. h4 Rf8 23. c4 e3 24. Bxe3 Bxg3 25. d5 b6 26. dxc6 Bd6 27. Bf3 Kc7 28. Kc2 Nh5 29. a3 Rfe8 30. b4 Nf4 31. c5 Be5 32.
cxb6+ axb6 33. a4 Ra8 34. a5 bxa5 35. b5 Rb8 36. Rb1 Rb6 37. Bh1 a4 38. Nf3 Bd6 39. Nd2 a3 40. Nc4 Rxe3 41. fxe3 Ne6 42. Nxa3 Bxa3 43.
Kc3 Bd6 44. Kc4 Kd8 45. Ra1 Nc7 46. Ra5 f6 47. Bd5 Bg3 48. Bf7 Bxh4 49. Kc5 Rxb5+ 50.
Rxb5 Nxb5 51. Kxb5 g5 52. Kb6 Bg3 53. Kb7 Bd6 54. Bg6 g4 55. Bh5 g3 56. Bf3 f5 57.
Kb6 g5 58. Kb5 Ke7 59. Kc4 Ke6 60. Kd4 Bc7 61. Bd5+ Kd6 62. Bf3 Bb6+ 63. Kd3 Ke5 64. Bg2 f4 65. exf4+ gxf4 66. Bf3 Kf5 67. Ke2 Kg5 68. Kf1 Kh4 69. Kg2 Bc7 70. Bd5 Kg4 71. Bf3+ Kf5 72. Bd5 Ke5 73. Bf3 Kd4 74. Bg4 Ke3 75.
Bf3 Bd6 76. Bg4 Bc7 77. Bf3 Bd6 78. Bg4 Bc7 79. Bf3 Bd6 80. Bg4 Bc7 1/2-1/2

[Event "*** Titled Tuesday 3|2 Blitz"]
[Site "Chess.com"]
[Date "2017.06.06"]
[Round "4"]
[White "gmcorrales"]
[Black "Federtiu"]
[Result "0-1"]
[WhiteElo "2533"]
[BlackElo "2437"]
[TimeControl "180+2"]
[EndTime "14:41:56 PDT"]
[Termination "Federtiu won by resignation"]

1. e4 g6 2. d4 Bg7 3. Nc3 a6 4.
a4 d6 5. f4 Nc6 6. d5 Nb8 7.
Nf3 c6 8. Bd3 Nf6 9. O-O O-O 10.
h3 cxd5 11. exd5 Nbd7 12. f5 Qb6+ 13. Kh1 Nc5 14. a5 Qc7 15. fxg6 fxg6 16. g4 e5 17. dxe6 Bxe6 18. Be2 Nfe4 19. Nxe4 Nxe4 20. Kg2 d5 21. Qe1 Qxc2 22. Ra3 Rac8 23. Kh1 Qxe2 24. Qxe2 Ng3+ 25. Kg2 Nxe2 26. Re3 Rxc1 27. Rxc1 Nxc1 28. Rxe6 Nd3 29. Rb6 Rf7 30. Ng5 Re7 31. Rd6 h6 32. Rd8+ Bf8 33. Nf3 Nf4+ 34. Kg3 g5 35. Nd4 Kf7 36. Nf5 Rc7 37.
h4 Ne6 38. Rb8 Bb4 39. Nxh6+ Kg6 40. Nf5 Be1+ 41. Kh3 Bxh4 42. Re8 Kf6 43. Rh8 Nf4+ 44. Kh2 Rc2+ 45. Kg1 Rg2+ 46. Kh1 Rxg4 47. Rf8+ Ke5 48. b4 Nd3 49. b5 axb5 50. Ne3 Re4 51. Re8+ Kd4 52.
Nf5+ Kc3 53. Rb8 Ra4 54. Rxb7 Rxa5 55. Rc7+ Kb3 56. Nd4+ Kb2 57. Rc2+ Kb1 58. Rd2 Nc5 59.
Ne2 b4 60. Rxd5 b3 61. Rd2 Ne4 62. Rd4 Re5 63. Kg2 b2 64. Ra4 Nd2 65. Nc3+ Kc2 66. Ra3 Nb1 67. Nxb1 Kxb1 68. Ra4 Kc2 69. Rc4+ Kb3 70.
Rc8 Rb5 71. Rb8 Rxb8 0-1

[Event "*** Titled Tuesday 3|2 Blitz"]
[Site "Chess.com"]
[Date "2017.06.06"]
[Round "4"]
[White "Gordima"]
[Black "ArnaudovP"]
[Result "1/2-1/2"]
[WhiteElo "2531"]
[BlackElo "2419"]
[TimeControl "180+2"]
[EndTime "14:42:11 PDT"]
[Termination "Game drawn by repetition"]

1. Nf3 Nf6 2. c4 e6 3. g3 d5 4.
b3 d4 5. Bg2 c5 6. e3 Nc6 7.
O-O Bd6 8. a3 a5 9. exd4 cxd4 10.
d3 h6 11. Nbd2 O-O 12. Ne1 e5 13. Nc2 Bf5 14. Qe2 Qd7 15. Rb1 Rfe8 16. Re1 Bc7 17. f3 Nd8 18. b4 axb4 19. axb4 Ra2 20. Rb2 Rxb2 21. Bxb2 Qa4 22. Ne4 Nxe4 23. fxe4 Be6 24. b5 Bd6 25. Ra1 Qb3 26. Ba3 Bxc4 27. dxc4 d3 28. Qe3 Qxc2 29. Bxd6 Qxc4 30. Rd1 Qxb5 31. Qxd3 Qb6+ 32. Kh1 Nc6 33. Rb1 Qf2 34. Qf1 Qa7 35. Qb5 Rd8 36. Bc5 Qa2 37. Qxb7 Rb8 38. Qxb8+ Nxb8 39. Rxb8+ Kh7 40. Bg1 Qe2 41. Rb1 f6 42.
Rf1 h5 43. h4 Kh6 44. Bf2 Kh7 45. Kg1 Qc2 46. Re1 Qd2 47. Bh3 g6 48. Bg2 Kg7 49.
Rb1 g5 50. hxg5 fxg5 51. Rb7+ Kg6 52. Rb6+ Kg7 53. Rb1 g4 54. Re1 Kg6 55. Rf1 Qd3 56.
Re1 Qd2 57. Bf1 Qc3 58. Bb5 Qb2 59. Bd7 Qd2 60. Bf5+ Kg7 61. Kg2 Kf6 62. Rb1 Qe2 63.
Rb6+ Kg7 64. Rd6 Qf3+ 65. Kg1 Qe2 66. Rd5 Qb2 67. Rd7+ Kf6 68. Rd6+ Kg7 69. Rd1 Qe2 70. Re1 Qd2 71. Re3 Qd1+ 72. Kg2 Qd2 73. Ra3 Qd1 74. Ra7+ Kf6 75. Rd7 Qf3+ 76. Kf1 Qh1+ 77. Ke2 Qf3+ 78. Ke1 Qh1+ 79. Kd2 Qg2 80. Ke1 Qh1+ 81. Ke2 Qf3+ 82. Kf1 Qh1+ 83. Ke2 Qf3+ 1/2-1/2

[Event "*** Titled Tuesday 3|2 Blitz"]
[Site "Chess.com"]
[Date "2017.06.06"]
[Round "4"]
[White "TheLancer"]
[Black "Rating-Schmating"]
[Result "1/2-1/2"]
[WhiteElo "2409"]
[BlackElo "2344"]
[TimeControl "180+2"]
[EndTime "14:42:35 PDT"]
[Termination "Game drawn by agreement"]

1. e4 e6 2. Nc3 d5 3. d4 Bb4 4. e5 c5 5. a3 Bxc3+ 6. bxc3 Qc7 7. Nf3 Nc6 8. a4 Nge7 9. Bd3 h6 10. O-O b6 11. h3 Na5 12. Ba3 Nc4 13. Bc1 a5 14.
Nh4 Ba6 15. f4 g6 16. g4 h5 17. Ng2 hxg4 18. hxg4 O-O-O 19. Kf2 Rh2 20. Rh1 Rdh8 21.
Rxh2 Rxh2 22. Kg3 Rh7 23. Qf3 Qd8 24. Rb1 Qh8 25. Kf2 Kc7 26. dxc5 bxc5 27. Bxc4 Bxc4 28. Qe3 d4 29. cxd4 Rh2 30. d5 Bxd5 31. Qxc5+ Nc6 32.
Qb6+ Kd7 33. Qb7+ Ke8 34. Qa8+ Nd8 35. Qxd8+ Kxd8 36. Rb8+ Kc7 37. Rxh8 Rxh8 38. Ne3 Rh2+ 39. Kg3 Re2 40. f5 gxf5 41. gxf5 Bc6 42. f6 Bxa4 43. Kf3 Rh2 44. c4 Bc6+ 45. Kg3 Rh1 46. Ba3 a4 47.
Bd6+ Kb7 48. Ng4 Rg1+ 49. Kf4 Rf1+ 50. Kg5 Be4 51. Ne3 Rg1+ 52. Kf4 Bg6 53. Bc5 Kc6 54.
Bd4 a3 55. Nc2 a2 56. Bxg1 Bxc2 57. Bd4 Bb3 58. c5 Kd5 59. Ke3 Ba4 60. Ba1 Kc4 61.
Kf4 Kxc5 62. Kg5 Bc2 63. Kf4 Kc4 64. Ke3 Kb3 65. Kd2 Bf5 66. Kc1 Kc4 67. Bb2 Kd3 68.
Ba1 Kc4 69. Kb2 Bb1 70. Kc1 Kd5 71. Bb2 Be4 72. Ba1 Bd3 73. Bb2 Bc4 74. Ba1 Kc5 75. Kd2 Kb4 76. Kc2 Bb3+ 77. Kc1 Bd5 78. Bb2 Kb3 79. Ba1 Be4 80. Bb2 Bb1 81. Ba1 Bc2 82. Kd2 Bf5 83. Bd4 Ka3 84. Ba1 Kb3 85. Kc1 Kc4 86.
Bb2 Kd3 87. Ba1 Be4 88. Kb2 Bd5 89. Kc1 Ke3 90. Bb2 Ke4 91. Ba1 Kd3 92. Bb2 Ke2 93.
Ba1 Ke1 94. Bb2 Kf2 95. Ba1 Ke2 96. Bb2 Kd3 97. Ba1 Kc4 98. Bb2 Kb3 99. Ba1 Be4 100. Kd2 Bf5 101. Kc1 Ka3 102. Bb2+ Ka4 103. Ba1 Kb5 104. Kb2 Bb1 105. Kc3 Kc5 106. Kb2 Kd5 107. Kc1 Be4 108. Bb2 Kc5 109. Ba1 1/2-1/2

[Event "*** Titled Tuesday 3|2 Blitz"]
[Site "Chess.com"]
[Date "2017.06.06"]
[Round "4"]
[White "Indianlad"]
[Black "NTBT_DHS"]
[Result "1-0"]
[WhiteElo "2589"]
[BlackElo "2437"]
[TimeControl "180+2"]
[EndTime "14:42:37 PDT"]
[Termination "Indianlad won by checkmate"]

1. e4 g6 2. d4 Bg7 3. Nc3 d6 4. Nf3 Nf6 5. Bc4 O-O 6. Qe2 Bg4 7. e5 dxe5 8. dxe5 Nfd7 9. e6 Ne5 10.
exf7+ Kh8 11. Bd5 Nbc6 12. Be3 e6 13. Bxc6 Nxc6 14. h3 Bxf3 15. Qxf3 Qe7 16. O-O Rxf7 17. Qe4 Bxc3 18. bxc3 Kg8 19. Rab1 Rb8 20. Bh6 Qe8 21. Rfd1 Rf5 22. Be3 b6 23. Rd2 Re5 24. Qf3 Ne7 25.
Qg3 Ra5 26. Qxc7 Nd5 27. Qg3 Nxc3 28. Rb4 Nd5 29. Re4 Rd8 30. Bd4 Nf6 31. Bxf6 Rxd2 32. Bc3 Rd1+ 33. Kh2 Rf5 34. Qc7 Rd7 35. Qg3 Rdf7 36.
Re2 Qc6 37. Be5 Qc4 38. Rd2 Qc8 39. Qh4 Rd7 40. Re2 Qf8 41. Qg3 Rd5 42. Ba1 e5 43.
Qb3 Qf7 44. Qe3 Rc5 45. f4 Qd5 46. Bxe5 Qe6 47. Qd2 Rd5 48. Qe1 Qd7 49. Qh4 g5 50. Qh6 gxf4 51. Bc3 Rg5 52. Qf6 f3 53. Qh8+ Kf7 54.
Qxh7+ Kf8 55. Qh6+ Kf7 56. Qf6+ Kg8 57. Qh8+ Kf7 58. Qf6+ Kg8 59. Qh8+ Kf7 60. Qh7+ Kf8 61. Bb4+ Rc5 62. Qxd7 fxe2 63. Bxc5+ bxc5 64. Qd6+ Kf7 65. Qd2 Re5 66. Qe1 Ke6 67. Kg3 Kd5 68. Kf3 Kd4 69. h4 c4 70. Qxe2 Rf5+ 71. Kg4 Rf7 72. h5 Kc3 73. h6 a5 74. Kg5 a4 75. Kg6 Rb7 76. h7 Kb4 77. h8=Q Rb6+ 78. Kg5 c3 79. Qd4+ Ka3 80. Qxc3+ Kxa2 81. Qec4+ Kb1 82. Qf1+ Ka2 83. Qfa1# 1-0

[Event "*** Titled Tuesday 3|2 Blitz"]
[Site "Chess.com"]
[Date "2017.06.06"]
[Round "4"]
[White "Oneofmyturns"]
[Black "Batica1984"]
[Result "0-1"]
[WhiteElo "2501"]
[BlackElo "2546"]
[TimeControl "180+2"]
[EndTime "14:43:05 PDT"]
[Termination "Batica1984 won on time"]

1. d4 Nf6 2. c4 c5 3. d5 b5 4.
cxb5 a6 5. bxa6 g6 6. Nc3 Bg7 7. Nf3 O-O 8. g3 d6 9. Bg2 Nbd7 10. O-O Nb6 11. a4 Rxa6 12. Re1 Nfd7 13. Qc2 Ra8 14. Nd2 c4 15. Nb5 Ba6 16. Ra3 Nc5 17. Nxc4 Nbxa4 18. Rxa4 Bxb5 19. Rxa8 Qxa8 20. Na3 Ba4 21.
Qc4 Rb8 22. Qh4 Qa7 23. Nc4 Bb3 24. Ne3 f5 25. Bf3 Bf6 26. Qh6 Ba4 27. g4 Bg7 28.
Qh4 fxg4 29. Nxg4 Nb3 30. Be3 Qa5 31. Rf1 Qd8 32. Bg5 Rb7 33. Nh6+ Bxh6 34. Bxh6 Nc5 35. Be3 Be8 36. Bd4 Nd7 37. Bg4 Nf6 38. Bf3 Rb4 39. Rc1 Bf7 40. Qh3 Rb8 41. e4 Qf8 42. Qh4 Be8 43. Rc7 Ra8 44. Kg2 Ra4 45. Rxe7 Qxe7 46. Bxf6 Qf7 47. b3 Ra7 48. Bd4 Rb7 49. Qg3 Rxb3 50.
Be3 Qe7 51. Qf4 Bd7 52. h3 Qf8 53. Qg3 Rb1 54. Bf4 Rb6 55. h4 Qe7 56. Bg5 Qf7 57. h5 Rb3 58. Bf4 Bb5 59. Bxd6 Bf1+ 60. Kxf1 Rxf3 61.
Qh4 Rd3 62. Qd8+ Kg7 63. h6+ Kxh6 64. Qh4+ Kg7 65. Be5+ Kg8 66. Qd8+ Qf8 67. Qxf8+ Kxf8 68. Ke2 Rb3 69. Bd4 Rb5 70. Kd3 h5 71. Kc4 Ra5 72. Bf6 Kf7 73. Bg5 Ra4+ 74. Kd3 Ra3+ 75. Kd4 Ra4+ 76.
Ke5 Ra1 77. f4 Rh1 78. Kd6 h4 79. e5 h3 80. Kd7 Re1 81. e6+ Kg7 82. Bh4 Re3 83.
Bf2 Re2 84. Bd4+ Kh7 85. Bg1 Kg7 86. d6 Kf6 87. e7 Kf7 88. Kd8 Re6 89. Bc5 h2 90. d7 Rxe7 91. Bxe7 h1=Q 92. Bg5 Qc6 0-1

[Event "*** Titled Tuesday 3|2 Blitz"]
[Site "Chess.com"]
[Date "2017.06.06"]
[Round "4"]
[White "Ivan11Martic"]
[Black "tigra"]
[Result "0-1"]
[WhiteElo "2399"]
[BlackElo "2617"]
[TimeControl "180+2"]
[EndTime "14:43:26 PDT"]
[Termination "tigra won by resignation"]

1. e4 e6 2. d4 d5 3. Nc3 Bb4 4.
e5 Ne7 5. a3 Bxc3+ 6. bxc3 c5 7. Qg4 O-O 8. Bd3 f5 9. exf6 Rxf6 10. Qh5 h6 11. Nf3 Nbc6 12. a4 Bd7 13. O-O c4 14. Be2 Be8 15. Qh3 Bg6 16. Ra2 Nf5 17. Ne5 Nd6 18. Ba3 Ne4 19. Ng4 Rf5 20. f4 Qa5 21. Rf3 Qxa4 22. Nxh6+ gxh6 23. Qxh6 Kf7 24. g4 Rf6 25. f5 exf5 26. gxf5 Rg8 27. Kf1 Bxf5 28. Qh5+ Ke6 29. Bf8 Nd2+ 30. Kf2 Ne4+ 31. Kf1 Rgxf8 32.
Rxa4 Nd2+ 33. Ke1 Nxf3+ 34. Bxf3 a6 35. Kd2 Kd6 36. Ra1 Be6 37. Be2 Rf2 38. Qh4 Rg2 39.
Re1 Rff2 40. Kd1 Rxe2 41. Rxe2 Bg4 42. Qh6+ Kc7 43. Qg7+ Kb6 44. Kc1 Rxe2 45. Qxg4 Rxh2 46. Qf3 Ne7 47. Qf6+ Nc6 48. Qd6 Rh5 49. Qc5+ Kc7 50. Qf8 Rh7 51. Qg8 Rd7 52. Qg3+ Kb6 53. Qg4 Rd6 54.
Qf4 Rd8 55. Kb2 a5 56. Qf6 Rd7 57. Qf8 Kc7 58. Qf4+ Kc8 59. Qf8+ Rd8 60. Qc5 Kc7 61. Qa3 Rd6 62. Qa1 b5 63. Qg1 Kb6 64. Qg8 Rd8 65.
Qg7 b4 66. Qf6 Kb5 67. Qe6 bxc3+ 68. Kxc3 a4 69. Qe1 Kb6 70. Qb1+ Ka6 71. Qa1 Kb5 72.
Qb2+ Ka6 73. Qa3 Kb6 74. Qc5+ Kc7 75. Qb5 Ra8 76. Qxd5 a3 77. Qxc4 a2 78. Qf7+ Kd6 79.
Qf6+ Kd7 80. Qf5+ Ke7 81. Qe4+ Kd8 82. Qd5+ Kc7 83. Qf7+ Kc8 84. Qe6+ Kb7 85. Qb3+ Kc7 86. Qf7+ Kd6 87. Qf6+ Kd7 88. Qf5+ Ke8 89. Qe6+ Ne7 90. Kd2 a1=Q 91. Qe5 Qa5+ 0-1

[Event "*** Titled Tuesday 3|2 Blitz"]
[Site "Chess.com"]
[Date "2017.06.06"]
[Round "5"]
[White "Jahonas"]
[Black "northridgehawk"]
[Result "1-0"]
[WhiteElo "2217"]
[BlackElo "2104"]
[TimeControl "180+2"]
[EndTime "14:46:41 PDT"]
[Termination "Jahonas won by resignation"]

1. d4 f5 2. c4 Nf6 3. Nc3 e6 4.
g3 Bb4 5. Bd2 O-O 6. Bg2 c5 7.
Nf3 Nc6 8. d5 Nd4 9. Nxd4 cxd4 10. Nb5 Bxd2+ 11. Qxd2 e5 12. d6 Qb6 13. b4 a6 14. Nc7 Qxd6 15. Nxa8 Ne4 16. Bxe4 fxe4 17.
O-O b6 18. c5 bxc5 19. bxc5 Qc6 20. Nb6 Bb7 21. e3 Qxc5 22. Nxd7 Qc8 23. Nxf8 Qxf8 24.
Rab1 Ba8 25. Qb4 1-0

[Event "*** Titled Tuesday 3|2 Blitz"]
[Site "Chess.com"]
[Date "2017.06.06"]
[Round "5"]
[White "ChessQueen"]
[Black "angieflynn"]
[Result "1-0"]
[WhiteElo "2508"]
[BlackElo "1782"]
[TimeControl "180+2"]
[EndTime "14:48:16 PDT"]
[Termination "ChessQueen won by resignation"]

1. e4 e6 2. d4 d5 3. Nd2 Nf6 4.
e5 Ne4 5. Nxe4 dxe4 6. Ne2 b6 7.
Ng3 Bb7 8. Be2 c5 9. Be3 Nd7 10. O-O Qc7 11. Bb5 O-O-O 12. Qh5 g6 13. Qg5 Bg7 14. c3 f6 15. Bxd7+ Qxd7 16. exf6 h6 17.
Qe5 Bf8 18. dxc5 Qc6 19. cxb6 axb6 20. Rfd1 Rd5 21. Rxd5 exd5 22. f7 Bd6 23. Qxh8+ 1-0

[Event "*** Titled Tuesday 3|2 Blitz"]
[Site "Chess.com"]
[Date "2017.06.06"]
[Round "5"]
[White "johnathan113"]
[Black "igorkovalenko"]
[Result "0-1"]
[WhiteElo "2454"]
[BlackElo "2639"]
[TimeControl "180+2"]
[EndTime "14:48:34 PDT"]
[Termination "igorkovalenko won by resignation"]

1. d4 Nf6 2. Nc3 e6 3. e4 Bb4 4. e5 Nd5 5. Bd2 Nc6 6. Nxd5 Bxd2+ 7. Qxd2 exd5 8. O-O-O O-O 9. Nf3 d6 10. Bd3 Bg4 11.
Qf4 Bxf3 12. gxf3 dxe5 13. dxe5 Qe7 14. Rhe1 Rae8 15. Bf5 Qc5 16. e6 fxe6 17. Rxe6 Qxf2 18. Rxe8 Rxe8 19. Qxc7 Qe3+ 20. Rd2 Qg1+ 21. Rd1 Qg5+ 0-1

[Event "*** Titled Tuesday 3|2 Blitz"]
[Site "Chess.com"]
[Date "2017.06.06"]
[Round "5"]
[White "LonesomeGeorge1"]
[Black "fidetrainerNET"]
[Result "1-0"]
[WhiteElo "2239"]
[BlackElo "2105"]
[TimeControl "180+2"]
[EndTime "14:48:55 PDT"]
[Termination "LonesomeGeorge1 won by checkmate"]

1. e4 Nf6 2. e5 Nd5 3. d4 d6 4. Nf3 Bg4 5. Be2 e6 6. O-O Be7 7. c4 Nb6 8. Nc3 O-O 9. Be3 Bxf3 10. Bxf3 Nc6 11. exd6 cxd6 12. b3 Bf6 13. Rc1 Rc8 14.
Ne4 d5 15. Nxf6+ Qxf6 16. c5 Nd7 17. b4 Ne7 18. Qd2 h6 19. Bf4 Nf5 20. Rfd1 a6 21. h3 Rfd8 22. a4 Qg6 23. Be2 Nh4 24. Bg3 Nf5 25.
Bf4 Nf6 26. f3 Nh4 27. g4 h5 28. b5 axb5 29. axb5 hxg4 30. hxg4 Nh7 31. Kf2 Qf6 32. Be5 Qe7 33. Bd3 g5 34. Rh1 f5 35.
gxf5 exf5 36. Rcg1 Kf8 37. Rxh4 gxh4 38. Qh6+ Ke8 39.
Rg8+ Kd7 40. Bxf5+ Qe6 41. Qxe6# 1-0

[Event "*** Titled Tuesday 3|2 Blitz"]
[Site "Chess.com"]
[Date "2017.06.06"]
[Round "5"]
[White "mwpchess"]
[Black "Ilja_Semjonovs"]
[Result "1-0"]
[WhiteElo "2469"]
[BlackElo "2230"]
[TimeControl "180+2"]
[EndTime "14:49:08 PDT"]
[Termination "mwpchess won on time"]

1. e4 c5 2. Nf3 d6 3. Bb5+ Bd7 4.
Bxd7+ Nxd7 5. O-O Ngf6 6. Qe2 g6 7. c3 Bg7 8. d4 cxd4 9. cxd4 e6 10. Nc3 O-O 11.
Bf4 e5 12. dxe5 dxe5 13. Bg5 Re8 14. Rfd1 Qa5 15. Nd5 Nxd5 16. Rxd5 Qc7 17. Rc1 1-0

[Event "*** Titled Tuesday 3|2 Blitz"]
[Site "Chess.com"]
[Date "2017.06.06"]
[Round "5"]
[White "Batica1984"]
[Black "PelinGorki"]
[Result "1-0"]
[WhiteElo "2550"]
[BlackElo "2357"]
[TimeControl "180+2"]
[EndTime "14:49:09 PDT"]
[Termination "Batica1984 won by resignation"]

1. e4 d6 2. d4 Nf6 3. Nc3 c6 4. f4 Qa5 5. Bd3 e5 6. Nf3 exd4 7.
Nxd4 Qb6 8. Nf3 d5 9. Qe2 dxe4 10.
Nxe4 Nxe4 11. Qxe4+ Be7 12. Be3 Qb4+ 13. Qxb4 Bxb4+ 14.
c3 Be7 15. O-O-O O-O 16. Rhe1 Bf6 17. Bc5 Rd8 18. Ng5 g6 19. Be7 Bxe7 20. Rxe7 Bg4 21. Be2 Rxd1+ 22. Bxd1 Bxd1 23. Kxd1 Na6 24. Rxb7 Nc5 25. Rc7 Nd3 26. g3 Nxb2+ 27. Kc2 Nc4 28. Nxf7 Na5 29. Ne5 1-0

[Event "*** Titled Tuesday 3|2 Blitz"]
[Site "Chess.com"]
[Date "2017.06.06"]
[Round "5"]
[White "Rock700chess"]
[Black "Fy_Rakotomaharo"]
[Result "0-1"]
[WhiteElo "2290"]
[BlackElo "2408"]
[TimeControl "180+2"]
[EndTime "14:49:16 PDT"]
[Termination "Fy_Rakotomaharo won by resignation"]

1. e4 c5 2. Nf3 Nc6 3. d4 cxd4 4. Nxd4 e5 5. Nb5 d6 6. N1c3 a6 7. Na3 Be7 8. Nd5 Nf6 9. Nxf6+ Bxf6 10. c3 O-O 11.
Be2 Bg5 12. O-O Be6 13. Nc4 Bxc1 14. Rxc1 d5 15. exd5 Bxd5 16. Ne3 Be6 17. Qxd8 Rfxd8 18. Rfd1 Bxa2 19. Nc4 Bb3 20. Rd6 Bxc4 21. Rxd8+ Rxd8 22. Bxc4 Rd2 23. b4 Kf8 24. g3 e4 25. Re1 f5 26.
Re2 Rd1+ 27. Kg2 Ne5 28. Be6 g6 29. Bc8 Nf3 30. Kh3 Ng1+ 0-1

[Event "*** Titled Tuesday 3|2 Blitz"]
[Site "Chess.com"]
[Date "2017.06.06"]
[Round "5"]
[White "axvesik"]
[Black "AllStarShark"]
[Result "1-0"]
[WhiteElo "2365"]
[BlackElo "2303"]
[TimeControl "180+2"]
[EndTime "14:49:20 PDT"]
[Termination "axvesik won on time"]

1. e4 c5 2. Nf3 Nc6 3. d4 cxd4 4.
Nxd4 g6 5. Nc3 Bg7 6. Be3 Nf6 7. Bc4 O-O 8. Bb3 Qa5 9. O-O d6 10. h3 Qh5 11. Qd2 Bxh3 12. gxh3 Qxh3 13. f3 Nxd4 14.
Bxd4 Nh5 15. Bxg7 Kxg7 16. Qg2 Qc8 17. Rad1 Nf4 18. Qg4 Qc5+ 19. Kh2 Qe5 20. Qg3 Rac8 21. Rd2 h5 22. Nd5 h4 23. Qxf4 1-0

[Event "*** Titled Tuesday 3|2 Blitz"]
[Site "Chess.com"]
[Date "2017.06.06"]
[Round "5"]
[White "amurdercastle"]
[Black "josiwales"]
[Result "1-0"]
[WhiteElo "2292"]
[BlackElo "2305"]
[TimeControl "180+2"]
[EndTime "14:49:35 PDT"]
[Termination "amurdercastle won by resignation"]

1. d4 d5 2. c4 c6 3. cxd5 cxd5 4.
Bf4 Nc6 5. Nc3 g6 6. e3 Bg7 7. Bd3 a6 8. Rc1 Nf6 9. h3 O-O 10. Nf3 h5 11. O-O Bd7 12. Na4 Ne4 13. Bxe4 dxe4 14. Nd2 Bf5 15. Nc5 Qd5 16. Qb3 e6 17. Qxd5 exd5 18. Nxb7 Nb4 19. Bd6 Nd3 20. Bxf8 Bxf8 21. Rc2 Rb8 22. Nc5 Nb4 23. Rc3 a5 24. a3 Bxc5 25. dxc5 Nc6 26. Rb1 d4 27. Rc4 dxe3 28.
fxe3 Rb3 29. Nxb3 1-0

[Event "*** Titled Tuesday 3|2 Blitz"]
[Site "Chess.com"]
[Date "2017.06.06"]
[Round "5"]
[White "SabinaFoisor"]
[Black "bugbug01052018"]
[Result "1-0"]
[WhiteElo "2250"]
[BlackElo "1931"]
[TimeControl "180+2"]
[EndTime "14:49:49 PDT"]
[Termination "SabinaFoisor won by resignation"]

1. d4 Nf6 2. c4 g6 3. Nf3 Bg7 4.
Nc3 d6 5. Bg5 h6 6. Bh4 g5 7.
Bg3 O-O 8. e3 a5 9. Be2 Na6 10.
Qd2 Bg4 11. h3 Bh5 12. O-O Bg6 13. Bd3 Bxd3 14. Qxd3 Nb4 15. Qe2 Nh5 16. Bh2 f5 17. a3 Nc6 18. Nxg5 hxg5 19. Qxh5 e5 20. dxe5 Nxe5 21.
Qe2 f4 22. exf4 gxf4 23. f3 Qg5 24. Kh1 Rae8 25. Ne4 Qg6 26. Rad1 Qf7 27. Rc1 Qg6 28. b4 axb4 29. axb4 Nc6 30. Qd2 Ne5 31. Bxf4 Nxc4 32. Rxc4 Qf7 33. Rxc7 Qxc7 34. Bxd6 Qc4 35. Rc1 Qe6 36.
Bxf8 Rxf8 37. Qd3 Kh8 38. Qc4 Qh6 39. Qc7 Rxf3 40. gxf3 Qxh3+ 41. Qh2 1-0

[Event "*** Titled Tuesday 3|2 Blitz"]
[Site "Chess.com"]
[Date "2017.06.06"]
[Round "5"]
[White "Frolik67"]
[Black "silverback96"]
[Result "1-0"]
[WhiteElo "2308"]
[BlackElo "2118"]
[TimeControl "180+2"]
[EndTime "14:49:56 PDT"]
[Termination "Frolik67 won by resignation"]

1. e4 e6 2. d3 d5 3. Nd2 Nc6 4.
Ngf3 Nf6 5. g3 dxe4 6. dxe4 Bc5 7. Bg2 O-O 8. O-O e5 9. Qe2 a5 10. Rd1 b6 11. Nc4 Qe7 12. Ne3 Ba6 13. c4 Nd4 14. Nxd4 Bxd4 15. Nf5 Qc5 16. Bf1 Rfd8 17. Bg5 Kh8 18. Rac1 Rd7 19. Bxf6 gxf6 20. Bh3 Rad8 21.
Kg2 Bb7 22. Qg4 Rg8 23. Qh4 Qc6 24. f3 Rg5 25. Nxd4 Rxd4 26. Rxd4 exd4 27. Qf4 Rc5 28. b3 b5 29. Qh6 Qd6 30. Bf5 Kg8 31. Bxh7+ Kh8 32.
Bg6+ 1-0

[Event "*** Titled Tuesday 3|2 Blitz"]
[Site "Chess.com"]
[Date "2017.06.06"]
[Round "5"]
[White "DryCounty"]
[Black "Fins0905"]
[Result "1-0"]
[WhiteElo "2474"]
[BlackElo "2416"]
[TimeControl "180+2"]
[EndTime "14:50:11 PDT"]
[Termination "DryCounty won by checkmate"]

1. e4 d5 2. d3 e5 3. Nd2 Nf6 4.
Ngf3 Bd6 5. g3 c6 6. Bg2 O-O 7. O-O Re8 8. b3 Nbd7 9. Bb2 Nf8 10. exd5 cxd5 11. Re1 Ng6 12. c4 d4 13. Rc1 Bf5 14. c5 Bc7 15. Nc4 Nd5 16. Nxd4 exd4 17. Rxe8+ Qxe8 18. Bxd5 Rb8 19. Qf3 Qd7 20. Bxb7 Bg4 21. Qd5 Qe7 22.
Qxd4 f5 23. Bd5+ Kh8 24. Nd6 Rf8 25. Bc3 f4 26. Re1 fxg3 27. hxg3 Qf6 28. Qxf6 gxf6 29.
Re8 Bxd6 30. Bxf6# 1-0

[Event "*** Titled Tuesday 3|2 Blitz"]
[Site "Chess.com"]
[Date "2017.06.06"]
[Round "5"]
[White "Setne007"]
[Black "Vice64"]
[Result "0-1"]
[WhiteElo "2054"]
[BlackElo "2328"]
[TimeControl "180+2"]
[EndTime "14:50:28 PDT"]
[Termination "Vice64 won on time"]

1. d4 Nf6 2. Bf4 g6 3. Nc3 Bg7 4. Qd2 h6 5. h4 d6 6. Nf3 Bg4 7. O-O-O Nbd7 8. e4 e5 9. dxe5 dxe5 10.
Bg3 Qe7 11. Bc4 c6 12. Qd6 Nh5 13. Qc7 Nb6 14. Qxe7+ Kxe7 15. Bb3 a5 16. a4 Bxf3 17. gxf3 Rad8 18. Rxd8 Rxd8 19. Rd1 Rxd1+ 20. Nxd1 Bf6 21. Ne3 Nxg3 22. fxg3 h5 23. Nc4 Nxc4 24. Bxc4 Bg7 25. Kd2 f6 26. Ke3 g5 27. c3 Bh6 0-1

[Event "*** Titled Tuesday 3|2 Blitz"]
[Site "Chess.com"]
[Date "2017.06.06"]
[Round "5"]
[White "Rating-Schmating"]
[Black "Ind1anStar"]
[Result "0-1"]
[WhiteElo "2335"]
[BlackElo "2306"]
[TimeControl "180+2"]
[EndTime "14:50:29 PDT"]
[Termination "Ind1anStar won by checkmate"]

1. e4 c5 2. Nf3 d6 3. d4 cxd4 4.
Nxd4 Nf6 5. Nc3 a6 6. h3 e5 7. Nde2 h5 8. g3 Be6 9. Bg2 Be7 10. Be3 O-O 11. O-O b5 12. Nd5 Bxd5 13. exd5 Nbd7 14.
a4 g6 15. axb5 axb5 16. Qd3 Rb8 17. Ra7 Re8 18. Rfa1 Bf8 19. Nc3 b4 20. Ne4 Nxe4 21.
Bxe4 Nf6 22. Bxg6 Re7 23. Bf5 e4 24. Qd4 Re5 25. g4 Nxd5 26. Bxe4 Nxe3 27. fxe3 Bg7 28. Qd3 Qg5 29. Bf5 hxg4 30. hxg4 Rxe3 31. Qd5 Rg3+ 32. Kf2 Qe3+ 33. Kf1 Rg1# 0-1

[Event "*** Titled Tuesday 3|2 Blitz"]
[Site "Chess.com"]
[Date "2017.06.06"]
[Round "5"]
[White "TomsKantans"]
[Black "GameOverBro"]
[Result "1-0"]
[WhiteElo "2484"]
[BlackElo "2238"]
[TimeControl "180+2"]
[EndTime "14:50:39 PDT"]
[Termination "TomsKantans won by resignation"]

1. e4 d6 2. d4 Nf6 3. Nc3 e5 4.
Nf3 Nbd7 5. Bc4 Be7 6. O-O O-O 7. Re1 c6 8. a4 h6 9. Ba2 Re8 10.
h3 Qc7 11. Be3 Nf8 12. Qd3 Be6 13. d5 cxd5 14. Nxd5 Nxd5 15. Bxd5 Bxd5 16. Qxd5 Qxc2 17. Rec1 Qxb2 18. Rab1 Qa3 19. Rxb7 Qxa4 20. Rxe7 Rxe7 21. Qxa8 Re8 22. Qc6 Qxc6 23. Rxc6 Rd8 24. Bxa7 d5 25. exd5 Rxd5 26. Rc8 e4 27. Ne1 Rd1 28. Kf1 g5 29.
Bc5 1-0

[Event "*** Titled Tuesday 3|2 Blitz"]
[Site "Chess.com"]
[Date "2017.06.06"]
[Round "5"]
[White "dtn70"]
[Black "Blitzking4444"]
[Result "1-0"]
[WhiteElo "2209"]
[BlackElo "2010"]
[TimeControl "180+2"]
[EndTime "14:50:39 PDT"]
[Termination "dtn70 won by checkmate"]

1. e4 e6 2. d3 d5 3. Nd2 c5 4. Ngf3 Nc6 5. g3 g6 6. Bg2 Bg7 7. O-O Nge7 8. Re1 O-O 9. c3 b5 10. e5 a5 11. d4 a4 12. a3 cxd4 13. cxd4 Na5 14. Rb1 Bd7 15. h4 h6 16. Nf1 Rc8 17.
N1h2 Qc7 18. Ng4 Nf5 19. Nf6+ Kh8 20. g4 Ne7 21. Bd2 Nb3 22. Bb4 Be8 23. Bd6 Qa7 24. Qe2 Qb7 25. Qe3 Nc6 26. Bxf8 Bxf8 27. h5 g5 28.
Nxg5 hxg5 29. Qxg5 Qe7 30. Qg8# 1-0